A- SE
DAYTONA TORTUGAS @ ST. LUCIE METS
09/09/2041
 
TOP OF THE 1ST
Daytona Tortugas batting - Pitching for St. Lucie Mets : RHP Jim Unknown
Pitching: RHP Jim Unknown
Batting: RHB Pete King 0-0: Ball
1-0: Ball
2-0: Ground out 5-3 (Groundball, 56, EV 86.3 MPH)
Batting: RHB Phil Hill 0-0: Ball
1-0: Swinging Strike
1-1: Swinging Strike
1-2: Ball
2-2: Foul Ball, location: 25FF
2-2: Strikes out swinging
Batting: LHB Zak O'Toole 0-0: Foul Ball, location: 7LSF
0-1: Ball
1-1: Swinging Strike
1-2: Fly out, F5 (Popup, 25F, EV 85.6 MPH)
Top of the 1st over - 0 runs, 0 hits, 0 errors, 0 left on base; Daytona 0 - St. Lucie 0
BOTTOM OF THE 1ST
St. Lucie Mets batting - Pitching for Daytona Tortugas : RHP Wes Cooper
Pitching: RHP Wes Cooper
Batting: RHB Juan Carlos Valdillez 0-0: Ball
1-0: Called Strike
1-1: SINGLE (Flyball, 89M, EV 93.8 MPH)
Batting: SHB Jim Unknown 0-0: Called Strike
0-1: Called Strike
Juan Carlos Valdillez steals 2nd base
0-2: Foul Ball, location: 2F
0-2: DOUBLE (Flyball, 8RXD, EV 94.4 MPH)
Juan Carlos Valdillez scores
Batting: SHB Kevin French 0-0: Ball
1-0: Ball
2-0: Called Strike
2-1: Called Strike
2-2: Foul Ball, location: 3FF
2-2: Ball
3-2: Base on Balls
Batting: RHB Greg William 0-0: Grounds into double play, 6-4-3 (Groundball, 6S, EV 79.4 MPH)
Jim Unknown to third
Batting: LHB Jim Unknown 0-0: Called Strike
0-1: Fly out, F7 (Flyball, 7S, EV 85.0 MPH)
Bottom of the 1st over - 1 run, 2 hits, 0 errors, 1 left on base; Daytona 0 - St. Lucie 1
TOP OF THE 2ND
Daytona Tortugas batting - Pitching for St. Lucie Mets : RHP Jim Unknown
Batting: RHB Kevin Brooks 0-0: Ball
1-0: Foul Ball, location: 2F
1-1: Foul Ball, location: 2F
1-2: Strikes out swinging
Batting: RHB César Fernández 0-0: Ball
1-0: Swinging Strike
1-1: DOUBLE (Line Drive, 89M, EV 96.9 MPH)
Batting: LHB Steve Wolfe 0-0: Ball
1-0: Called Strike
1-1: Fly out, F4 (Popup, 34, EV 71.3 MPH)
Batting: RHB Gene Glass 0-0: Swinging Strike
0-1: Foul Ball, location: 7LDF
0-2: Ball
1-2: Ball
2-2: Ball
3-2: Strikes out looking
Top of the 2nd over - 0 runs, 1 hit, 0 errors, 1 left on base; Daytona 0 - St. Lucie 1
BOTTOM OF THE 2ND
St. Lucie Mets batting - Pitching for Daytona Tortugas : RHP Wes Cooper
Batting: RHB Jim Unknown 0-0: Called Strike
0-1: Ball
1-1: Called Strike
1-2: Foul Ball, location: 3F
1-2: Strikes out swinging
Batting: RHB Jim Unknown 0-0: Called Strike
0-1: Foul Ball, location: 2F
0-2: Ball
1-2: Foul Ball, location: 9LMF
1-2: Foul Ball, location: 2F
1-2: Strikes out swinging
Batting: RHB Jim Unknown 0-0: Ball
1-0: Fly out, F4 (Popup, 23, EV 88.8 MPH)
Bottom of the 2nd over - 0 runs, 0 hits, 0 errors, 0 left on base; Daytona 0 - St. Lucie 1
TOP OF THE 3RD
Daytona Tortugas batting - Pitching for St. Lucie Mets : RHP Jim Unknown
Batting: RHB Robinson García 0-0: Called Strike
0-1: Ball
1-1: Ball
2-1: Foul Ball, location: 2F
2-2: Foul Ball, location: 2F
2-2: Strikes out swinging
Batting: RHB José Reyes 0-0: Called Strike
0-1: DOUBLE (Flyball, 8LXD, EV 99.4 MPH)
Batting: RHB Pete King 0-0: Ball
1-0: Ground out 6-3 (Groundball, 56, EV 81.9 MPH)
Batting: RHB Phil Hill 0-0: Ball
1-0: Ball
2-0: Ball
3-0: Called Strike
3-1: Ground out 4-3 (Groundball, 4, EV 103.1 MPH)
Top of the 3rd over - 0 runs, 1 hit, 0 errors, 1 left on base; Daytona 0 - St. Lucie 1
BOTTOM OF THE 3RD
St. Lucie Mets batting - Pitching for Daytona Tortugas : RHP Wes Cooper
Batting: RHB Jim Unknown 0-0: Called Strike
0-1: Ball
1-1: Ground out 4-3 (Groundball, 4, EV 88.8 MPH)
Batting: RHB Juan Carlos Valdillez 0-0: Ball
1-0: Ball
2-0: Called Strike
2-1: Foul Ball, location: 2LF
2-2: Ball
3-2: Fly out, F3 (Popup, 34, EV 61.9 MPH)
Batting: SHB Jim Unknown 0-0: Ball
1-0: Called Strike
1-1: Fly out, F7 (Flyball, 7LM, EV 79.4 MPH)
Bottom of the 3rd over - 0 runs, 0 hits, 0 errors, 0 left on base; Daytona 0 - St. Lucie 1
TOP OF THE 4TH
Daytona Tortugas batting - Pitching for St. Lucie Mets : RHP Jim Unknown
Batting: LHB Zak O'Toole 0-0: Called Strike
0-1: Ball
1-1: Ball
2-1: Ball
3-1: Base on Balls
Batting: RHB Kevin Brooks 0-0: Ball
Zak O'Toole is caught stealing 2nd base 2-4
1-0: Ball
2-0: Called Strike
2-1: Ball
3-1: Base on Balls
Batting: RHB César Fernández 0-0: Ball
1-0: 2-RUN HOME RUN (Flyball, 9D, EV 99.4 MPH), Distance : 387 ft
Batting: LHB Steve Wolfe 0-0: Foul Ball, location: 2RF
0-1: SINGLE (Flyball, 3D, EV 90.0 MPH)
Batting: RHB Gene Glass 0-0: Called Strike
0-1: Called Strike
0-2: Grounds into double play, 4-6-3 (Groundball, 4, EV 80.0 MPH)
Top of the 4th over - 2 runs, 2 hits, 0 errors, 0 left on base; Daytona 2 - St. Lucie 1
BOTTOM OF THE 4TH
St. Lucie Mets batting - Pitching for Daytona Tortugas : RHP Wes Cooper
Batting: SHB Kevin French 0-0: Ball
1-0: Ground out 4-3 (Groundball, 4, EV 77.5 MPH)
Batting: RHB Greg William 0-0: Ball
1-0: Ball
2-0: Foul Ball, location: 23FF
2-1: Swinging Strike
2-2: Fly out, F8 (Flyball, 8RS, EV 96.3 MPH)
Batting: LHB Jim Unknown 0-0: Swinging Strike
0-1: DOUBLE (Flyball, 78D, EV 101.9 MPH)
Batting: RHB Jim Unknown 0-0: Ball
1-0: Swinging Strike
1-1: Swinging Strike
1-2: Ball
2-2: Ball
3-2: Strikes out swinging
Bottom of the 4th over - 0 runs, 1 hit, 0 errors, 1 left on base; Daytona 2 - St. Lucie 1
TOP OF THE 5TH
Daytona Tortugas batting - Pitching for St. Lucie Mets : RHP Jim Unknown
Batting: RHB Robinson García 0-0: Ball
1-0: Ball
2-0: Hit by Pitch
Batting: RHB José Reyes 0-0: Bunt missed!
0-1: Ball
Robinson García steals 2nd base
1-1: Ball
2-1: Sac Bunt to 15S - play at first, batter OUT! 1-4
Robinson García to third
Batting: RHB Pete King 0-0: Swinging Strike
0-1: Ball
1-1: Swinging Strike
1-2: Ball
2-2: Foul Ball, location: 2F
2-2: Foul Ball, location: 9LDF
2-2: Foul Ball, location: 2F
2-2: DOUBLE (Flyball, 89D, EV 90.0 MPH)
Robinson García scores
Batting: RHB Phil Hill 0-0: Foul Ball, location: 3F
0-1: Ball
1-1: Ball
2-1: Foul Ball, location: 2F
2-2: Foul Ball, location: 3F
2-2: Ground out 5-3 (Groundball, 56S, EV 86.9 MPH)
Pete King to third
Batting: LHB Zak O'Toole 0-0: Ball
1-0: Ball
2-0: Ball
3-0: Base on Balls
Batting: RHB Kevin Brooks 0-0: Called Strike
0-1: Ball
1-1: Ball
2-1: Swinging Strike
2-2: Strikes out swinging
Top of the 5th over - 1 run, 1 hit, 0 errors, 2 left on base; Daytona 3 - St. Lucie 1
BOTTOM OF THE 5TH
St. Lucie Mets batting - Pitching for Daytona Tortugas : RHP Wes Cooper
Batting: RHB Jim Unknown 0-0: Ball
1-0: Foul Ball, location: 3SF
1-1: SINGLE (Flyball, 8LS, EV 91.3 MPH)
Batting: RHB Jim Unknown 0-0: Ball
1-0: SINGLE (Groundball, 6MD, EV 97.5 MPH)
Jim Unknown to second
Batting: RHB Jim Unknown 0-0: Bunted foul
0-1: Ball
1-1: Sac Bunt to P - play at first, batter OUT! 1-4
Jim Unknown to third
Jim Unknown to second
Batting: RHB Juan Carlos Valdillez 0-0: SINGLE (Line Drive, 34D, EV 101.3 MPH)
Jim Unknown scores
Jim Unknown to third
Runner from 3rd tries for Home, SAFE, throw by RF to home
Batting: SHB Jim Unknown 0-0: Grounds into double play, 4-6-3 (Groundball, 4M, EV 105.0 MPH)
Bottom of the 5th over - 2 runs, 3 hits, 0 errors, 0 left on base; Daytona 3 - St. Lucie 3
TOP OF THE 6TH
Daytona Tortugas batting - Pitching for St. Lucie Mets : RHP Jim Unknown
Batting: RHB César Fernández 0-0: Called Strike
0-1: Called Strike
0-2: Fly out, F8 (Line Drive, 8LD, EV 93.1 MPH)
Batting: LHB Steve Wolfe 0-0: Foul Ball, location: 9LSF
0-1: Ball
1-1: Foul Ball, location: 5SF
1-2: Foul Ball, location: 25F
1-2: Ball
2-2: Ball
3-2: Strikes out swinging
Batting: RHB Gene Glass 0-0: Ground out 5-3 (Groundball, 56, EV 87.5 MPH)
Top of the 6th over - 0 runs, 0 hits, 0 errors, 0 left on base; Daytona 3 - St. Lucie 3
BOTTOM OF THE 6TH
St. Lucie Mets batting - Pitching for Daytona Tortugas : RHP Wes Cooper
Batting: SHB Kevin French 0-0: DOUBLE (Flyball, 89XD, EV 96.3 MPH)
Batting: RHB Greg William 0-0: Ball
1-0: Ball
2-0: Ball
3-0: Base on Balls
Batting: LHB Jim Unknown 0-0: Called Strike
0-1: Swinging Strike
0-2: Ball
1-2: Ball
2-2: Ball
3-2: Strikes out looking
Batting: RHB Jim Unknown 0-0: Fly out, F8 (Flyball, 8RM, EV 85.6 MPH)
Batting: RHB Jim Unknown 0-0: Called Strike
0-1: Ground out 4-3 (Groundball, 4S, EV 90.0 MPH)
Bottom of the 6th over - 0 runs, 1 hit, 0 errors, 2 left on base; Daytona 3 - St. Lucie 3
TOP OF THE 7TH
Daytona Tortugas batting - Pitching for St. Lucie Mets : RHP Jim Unknown
Batting: RHB Robinson García 0-0: Called Strike
0-1: Called Strike
0-2: Ball
1-2: Strikes out swinging
Pitching: RHP Jim Unknown
Batting: RHB José Reyes 0-0: Swinging Strike
0-1: Ball
1-1: Swinging Strike
1-2: Strikes out swinging, 2-3 out at first.
Batting: RHB Pete King 0-0: Called Strike
0-1: Ball
1-1: Ball
2-1: SINGLE (Groundball, 6M, EV 101.9 MPH) (infield hit)
Batting: RHB Phil Hill 0-0: Ball
1-0: Foul Ball, location: 25F
1-1: Fielders Choice at 2nd, 6-4 (Groundball, 6, EV 82.5 MPH)
Top of the 7th over - 0 runs, 1 hit, 0 errors, 1 left on base; Daytona 3 - St. Lucie 3
BOTTOM OF THE 7TH
St. Lucie Mets batting - Pitching for Daytona Tortugas : RHP Wes Cooper
Batting: RHB Jim Unknown 0-0: Called Strike
0-1: Called Strike
0-2: Ball
1-2: Ball
2-2: SINGLE (Line Drive, 78S, EV 106.3 MPH)
Batting: RHB Jim Unknown 0-0: Sac Bunt to 13S - play at first, batter OUT! 1-3
Jim Unknown to second
Batting: RHB Juan Carlos Valdillez 0-0: Intentional Walk
Batting: SHB Jim Unknown 0-0: Foul Ball, location: 9LMF
0-1: Ball
1-1: Foul Ball, location: 3F
1-2: Strikes out looking
Pitching: RHP José Colón
Batting: SHB Kevin French 0-0: Ball
1-0: Ball
2-0: Ground out 3-1 (Groundball, 34, EV 80.0 MPH)
Bottom of the 7th over - 0 runs, 1 hit, 0 errors, 2 left on base; Daytona 3 - St. Lucie 3
TOP OF THE 8TH
Daytona Tortugas batting - Pitching for St. Lucie Mets : RHP Jim Unknown
Batting: LHB Zak O'Toole 0-0: Foul Ball, location: 2F
0-1: Ball
1-1: Foul Ball, location: 7LMF
1-2: TRIPLE (Line Drive, 7LD, EV 106.9 MPH)
Batting: RHB Kevin Brooks 0-0: Ball
1-0: Ball
2-0: Swinging Strike
2-1: Ball
3-1: Base on Balls
Batting: RHB César Fernández 0-0: Ball
1-0: Foul Ball, location: 3F
1-1: Ball
2-1: Foul Ball, location: 3F
2-2: Ball
3-2: Foul Ball, location: 2F
3-2: Foul Ball, location: 5FF
3-2: Strikes out swinging
Batting: LHB Steve Wolfe 0-0: Called Strike
0-1: Foul Ball, location: 7LDF
0-2: Strikes out looking
Batting: RHB Gene Glass 0-0: SINGLE (Line Drive, 4M, EV 95.6 MPH)
Zak O'Toole scores
Kevin Brooks to second
Pinch Hitting: LHB Julián Zamora 0-0: Called Strike
0-1: Ball
1-1: Ball
2-1: Ball
3-1: Base on Balls
Kevin Brooks to third
Gene Glass to second
Batting: RHB José Reyes 0-0: Ball
1-0: Called Strike
1-1: Ball
2-1: Swinging Strike
2-2: DOUBLE (Flyball, 89D, EV 110.0 MPH)
Kevin Brooks scores
Gene Glass scores
Julián Zamora to third
Batting: RHB Pete King 0-0: Ball
1-0: Called Strike
1-1: Called Strike
1-2: Ball
2-2: Ball
3-2: Foul Ball, location: 9LDF
3-2: Fly out, F9 (Flyball, 9, EV 90.0 MPH)
Top of the 8th over - 3 runs, 3 hits, 0 errors, 2 left on base; Daytona 6 - St. Lucie 3
BOTTOM OF THE 8TH
St. Lucie Mets batting - Pitching for Daytona Tortugas : RHP José Colón
Now in CF: Greg Allison
Batting: RHB Greg William 0-0: Ball
1-0: Called Strike
1-1: Fly out, F9 (Flyball, 9S, EV 86.9 MPH)
Batting: LHB Jim Unknown 0-0: Ball
1-0: Foul Ball, location: 9LMF
1-1: Ball
2-1: Ball
3-1: Foul Ball, location: 2F
3-2: Foul Ball, location: 7LSF
3-2: Ground out 4-3 (Groundball, 4, EV 83.1 MPH)
Batting: RHB Jim Unknown 0-0: Called Strike
0-1: Ball
1-1: Fly out, F9 (Flyball, 89M, EV 93.1 MPH)
Bottom of the 8th over - 0 runs, 0 hits, 0 errors, 0 left on base; Daytona 6 - St. Lucie 3
TOP OF THE 9TH
Daytona Tortugas batting - Pitching for St. Lucie Mets : RHP Jim Unknown
Pitching: RHP Jim Unknown
Batting: RHB Phil Hill 0-0: Ball
1-0: Ball
2-0: Ball
3-0: Called Strike
3-1: Base on Balls
Batting: LHB Zak O'Toole 0-0: Called Strike
0-1: Foul Ball, location: 25FF
0-2: Ball
1-2: SINGLE (Line Drive, 9S, EV 89.4 MPH)
Phil Hill to second
Batting: RHB Kevin Brooks 0-0: Ball
1-0: Grounds into double play, 4-6-3 (Groundball, 4, EV 82.5 MPH)
Phil Hill to third
Batting: RHB César Fernández 0-0: Foul Ball, location: 25F
0-1: Ball
Wild Pitch!
Phil Hill scores
1-1: Ball
2-1: Fly out, F9 (Flyball, 9, EV 88.1 MPH)
Top of the 9th over - 1 run, 1 hit, 0 errors, 0 left on base; Daytona 7 - St. Lucie 3
BOTTOM OF THE 9TH
St. Lucie Mets batting - Pitching for Daytona Tortugas : RHP José Colón
Batting: RHB Jim Unknown 0-0: Swinging Strike
0-1: Ball
1-1: Ball
2-1: Foul Ball, location: 3FF
2-2: SINGLE (Line Drive, 89S, EV 87.5 MPH)
Pinch Hitting: LHB Jim Unknown 0-0: Called Strike
0-1: Ball
1-1: Ball
2-1: Called Strike
2-2: Ball
3-2: Base on Balls
Jim Unknown to second
Batting: LHB Jim Unknown 0-0: Called Strike
0-1: Foul Ball, location: 23F
0-2: Ball
1-2: Foul Ball, location: 5F
1-2: Strikes out swinging
Batting: RHB Juan Carlos Valdillez 0-0: Called Strike
0-1: Grounds into double play, 5-4-3 (Groundball, 56S, EV 91.9 MPH)
Bottom of the 9th over - 0 runs, 1 hit, 0 errors, 1 left on base; Daytona 7 - St. Lucie 3
Monday, April 1st , 2024 - OOTP Baseball 24.10 Build 82